 Dungeon Crawl Stone Soup version 0.20.0-4-g10b340a (webtiles) character file.

42823 Exaltedone87 the Basher (level 13, -9/108 HPs)
             Began as a Demonspawn Fighter on May 27, 2017.
             Mangled by an entropy weaver (13 damage)
             ... on level 4 of the Lair of Beasts.
             The game lasted 01:13:46 (20371 turns).

Exaltedone87 the Basher (Demonspawn Fighter)       Turns: 20371, Time: 01:13:47

Health: -9/108     AC:  9    Str: 24    XL:     13   Next: 87%
Magic:  0/17       EV:  6    Int: 10    God:
Gold:   1401       SH: 14    Dex: 13    Spells: 12/12 levels left

rFire    + . .     SeeInvis .   I - +2 flail (protect)
rCold    + . .     Gourm    .   c - +2 shield
rNeg     . . .     Faith    .   B - +14 crystal plate armour of Free Will {rF+}
rPois    +         Spirit   +   J - +0 helmet
rElec    .         Reflect  .   z - scarf {Spirit}
rCorr    .         Harm     .   u - +2 pair of gloves
MR       .....                  (boots unavailable)
Stlth    ..........             y - amulet of regeneration
Regen    0.7/turn               h - ring of poison resistance
MPRegen  0.2/turn               a - +3 ring of strength

@: corroded, protection aura
A: claws 1, hooves 3, cold resistance 1, nightstalker 2, freezing cloud immunity
a: no special abilities


You were on level 4 of the Lair of Beasts.
You were not hungry.

You visited 3 branches of the dungeon, and saw 17 of its levels.
You also visited: Labyrinth and Ice Cave.

You collected 1401 gold pieces.

Inventory:

Hand Weapons
 I - a +2 flail of protection (weapon)
Armour
 c - a +2 shield (worn)
 u - a +2 pair of gloves (worn)
 z - a scarf of spirit shield (worn)
 B - the +14 crystal plate armour of Free Will (worn) {rF+}
   (You took it off a minotaur in a labyrinth)

   It protects you from fire.
 J - a +0 helmet (worn)
Jewellery
 a - a +3 ring of strength (right hand)
 h - a ring of poison resistance (left hand)
 o - an uncursed ring of stealth
 p - a +4 amulet of reflection
 y - an amulet of regeneration (around neck)
 H - an uncursed amulet of faith
Wands
 d - a wand of confusion (22/48)
 j - a wand of random effects (32/48)
 v - a wand of disintegration (9/24)
 w - a wand of scattershot (5/9)
 C - a wand of lightning (9/15)
 F - a wand of flame (36/48)
 L - a wand of disintegration (9/24)
 N - a wand of iceblast (6/15)
 R - a wand of polymorph (7/24)
 S - a wand of random effects (43/48)
Scrolls
 e - a scroll of fog
 l - 13 scrolls of remove curse
 m - 2 scrolls of magic mapping
 n - 8 scrolls of teleportation
 s - 2 scrolls of fear
 K - a scroll of amnesia
 Q - a scroll of blinking
Potions
 g - a potion of curing
 i - a potion of magic
 q - 3 potions of flight
 r - 5 potions of brilliance
 P - a potion of heal wounds
Books
 E - a book of Misfortune

   Spells                             Type                      Level
   a - Confusing Touch                Hexes                        1
   b - Confuse                        Hexes                        3
   c - Gell's Gravitas                Translocation                3
   d - Petrify                        Transmutation/Earth          4
   e - Metabolic Englaciation         Hexes/Ice                    5
   f - Yara's Violent Unravelling     Hexes/Transmutation          5
 G - a book of Geomancy

   Spells                             Type                      Level
   a - Sandblast                      Earth                        1
   b - Passwall                       Transmutation/Earth          2
   c - Stone Arrow                    Conjuration/Earth            3
   d - Petrify                        Transmutation/Earth          4
   e - Lee's Rapid Deconstruction     Earth                        5
 M - Puog's Papyrus of Talismans
   (You found it in a labyrinth)

   Spells                             Type                      Level
   a - Song of Slaying                Charms                       2
   b - Ozocubu's Armour               Charms/Ice                   3
   c - Spectral Weapon                Hexes/Charms                 3
   d - Iskenderun's Battlesphere      Conjuration/Charms           5
   e - Deflect Missiles               Charms/Air                   6
Miscellaneous
 O - a fan of gales
Comestibles
 b - 25 fruits
 f - 8 bread rations
 k - 6 meat rations
 t - 9 royal jellies
 x - 2 chunks of flesh


   Skills:
 + Level 12.3 Fighting
 * Level 13.5 Maces & Flails
 + Level 8.7 Armour
 - Level 7.0 Dodging
 + Level 8.4 Shields
 - Level 5.6 Evocations


You had 12 spell levels left.
You didn't know any spells.

Dungeon Overview and Level Annotations

Branches:
Dungeon (11/15)            Temple (1/1) D:6            Lair (5/6) D:11
  Swamp (0/4) Lair:2       Spider (0/4) Lair:3          Orc (0/2) D:11
  Slime: Lair:5-6

Altars:
Ashenzari
Cheibriados
Dithmenos
Elyvilon
Fedhas
Gozag
Hepliaklqana
Kikubaaqudgha
Makhleb
Nemelex Xobeh
Okawaru
Qazlal
Ru
Sif Muna
Trog
Uskayaw
Vehumet
Xom
Yredelemnul
Zin
The Shining One
Beogh

Shops:
D:7 :?!}=

Annotations:
Lair:2 exclusion: 3 oklob plants


Innate Abilities, Weirdness & Mutations

You have sharp fingernails.
You have hooves in place of feet.
Your flesh is cold resistant. (rC+)
You are significantly more attuned to the shadows.
You are immune to freezing clouds.


Message History

You block the entropy weaver's attack.
The entropy weaver hits you but does no damage.
The entropy weaver hits you.
* * * LOW HITPOINT WARNING * * *
The entropy weaver hits you!
* * * LOW HITPOINT WARNING * * *
You hit the entropy weaver but do no damage.
The entropy weaver is almost dead.
You block the entropy weaver's attack. x2; The entropy weaver hits you.
* * * LOW HITPOINT WARNING * * *
The entropy weaver hits you!
* * * LOW HITPOINT WARNING * * *
Unknown command.
Unknown command.
You feel better. The entropy weaver hits you.
* * * LOW HITPOINT WARNING * * *
You block the entropy weaver's attack. The entropy weaver hits you.
* * * LOW HITPOINT WARNING * * *
The entropy weaver hits you!
You die...

###..............##
#.#.#....P.......#
#..#..^.........##
###..............##
#...............##
##...............##
##...!..........#.#
#P......#......####
##..P..@P......##
###....>a.P......#
#P....รท..........#
#................# ###
##...............# ######
####.####.#............#.###.##..
.........##P.....P.....#.#..##...
..........................#......
.................................


You could see an entropy weaver.

Vanquished Creatures
  A frost giant (IceCv)
  An entropy weaver (Lair:4)
  Snorg (D:10)
  A minotaur (Lab)
  6 hydras
  3 two-headed ogres
  A queen ant (Lair:4)
  Pikel (D:4)
  An ugly thing (D:11)
  An orb spider (Lair:3)
  2 cyclopes (D:11)
  2 black mambas
  An ice statue (IceCv)
  Psyche (D:10)
  4 spiny frogs
  A rime drake (IceCv)
  A komodo dragon (Lair:1)
  2 centaur skeletons
  A tengu conjurer (D:11)
  2 ice devils (D:11)
  A troll (D:11)
  Prince Ribbit (D:9)
  21 blink frogs
  The ghost of Triskal the Sneak, an amateur MfAs (D:4)
  17 polar bears (IceCv)
  8 hippogriffs
  Sigmund (D:2)
  2 wyverns
  30 yaks
  A basilisk (Lair:4)
  8 soldier ants
  An acid dragon (D:11)
  8 water moccasins
  7 orc warriors
  9 porcupines
  A black bear (D:8)
  5 ogres
  4 ice beasts
  9 centaurs
  22 wolves
  3 phantoms
  13 crocodiles
  12 bullfrogs
  A gnoll sergeant (D:10)
  3 scorpions
  A wyvern skeleton (D:7)
  6 killer bees (D:9)
  4 wights (D:10)
  5 electric eels
  3 crimson imps
  A bullfrog zombie (D:10)
  3 quasits
  2 centaur zombies
  4 hounds
  6 orc priests
  2 bullfrog skeletons
  A jelly (D:9)
  A gnoll shaman (D:6)
  An iguana (D:9)
  18 worker ants
  5 orc wizards
  A hound skeleton (D:9)
  2 hound zombies
  A worker ant zombie (D:5)
  A howler monkey zombie (D:5)
  10 adders
  17 gnolls
  3 white imps (D:8)
  2 ufetubi (D:8)
  An adder skeleton (D:5)
  A worm (D:2)
  A dart slug (D:5)
  3 leopard geckos
  73 orcs
  4 giant cockroaches
  4 goblins
  5 hobgoblins
  6 jackals
  3 quokkas
  A ball python (D:2)
  7 bats
  2 frilled lizards
  6 kobolds
  2 quokka skeletons
  7 rats
449 creatures vanquished.

Vanquished Creatures (collateral kills)
  A basilisk (Lair:2)
  A fungus (Lair:3)
2 creatures vanquished.

Vanquished Creatures (others)
  A polar bear (IceCv)
  A yak (IceCv)
  Menkaure (D:4)
  An ogre (D:4)
  5 wolves (IceCv)
  A howler monkey (D:4)
  An orc priest (D:4)
  An iguana (D:4)
  An orc wizard (D:4)
  A worker ant (D:4)
  An adder (D:4)
  A leopard gecko (D:4)
  6 orcs
  A leopard gecko simulacrum (D:8)
  A leopard gecko skeleton (D:8)
  A quokka skeleton (D:4)
  10 fungi
  22 plants
57 creatures vanquished.

Grand Total: 508 creatures vanquished

Notes
Turn   | Place    | Note
-------+----------+-------------------------------------------
     0 | D:1      | Exaltedone87 the Demonspawn Fighter began the quest for the Orb.
     0 | D:1      | Reached XP level 1. HP: 18/18 MP: 1/1
   202 | D:1      | Reached skill level 2 in Maces & Flails
   250 | D:1      | Gained mutation: You have large cloven feet. [demonic ancestry]
   250 | D:1      | Reached XP level 2. HP: 21/24 MP: 2/2
   729 | D:2      | Reached XP level 3. HP: 29/29 MP: 3/3
   771 | D:2      | Noticed Sigmund
   796 | D:2      | Killed Sigmund
   796 | D:2      | Reached skill level 3 in Maces & Flails
   796 | D:2      | Reached skill level 1 in Dodging
   796 | D:2      | Gained mutation: Your flesh is cold resistant. (rC+) [demonic ancestry]
   796 | D:2      | Reached XP level 4. HP: 9/37 MP: 4/4
   796 | D:2      | Gained mutation: You are slightly more attuned to the shadows. [demonic ancestry]
   796 | D:2      | Reached XP level 5. HP: 10/42 MP: 5/5
  2712 | D:3      | Reached XP level 6. HP: 48/48 MP: 6/6
  2782 | D:4      | Noticed Pikel
  2782 | D:4      | Noticed a slave
  2782 | D:4      | Noticed a slave
  2792 | D:4      | Noticed a slave
  2806 | D:4      | Killed Pikel
  2806 | D:4      | Reached skill level 4 in Maces & Flails
  2806 | D:4      | Gained mutation: You have sharp fingernails. [demonic ancestry]
  2806 | D:4      | Reached XP level 7. HP: 25/55 MP: 7/7
  3074 | D:4      | Noticed Triskal's ghost (amateur MfAs)
  3087 | D:4      | Killed Triskal's ghost
  3100 | D:4      | Killed Menkaure
  3364 | D:4      | Found a hide-covered altar of Uskayaw.
  3370 | D:4      | Found a radiant altar of Vehumet.
  3418 | D:4      | Reached skill level 9 in Maces & Flails
  3418 | D:4      | Gained mutation: You have hoof-like feet. [demonic ancestry]
  3418 | D:4      | Reached XP level 8. HP: 72/72 MP: 8/8
  3663 | D:5      | Entered Level 5 of the Dungeon
  3746 | D:5      | Reached XP level 9. HP: 70/78 MP: 9/9
  3839 | D:5      | Found a radiant altar of Vehumet.
  4458 | D:6      | Found a sparkling altar of Nemelex Xobeh.
  4588 | D:6      | Found a staircase to the Ecumenical Temple.
  4621 | Temple   | Entered the Ecumenical Temple
  5127 | D:6      | Learned a level 2 spell: Swiftness
  5523 | D:7      | Reached skill level 10 in Fighting
  5534 | D:7      | Found Koischue's Magic Scroll Shoppe.
  5572 | D:7      | Found Oskuptos's Gadget Shop.
  5608 | D:7      | Found a white marble altar of Elyvilon.
  5694 | D:7      | Noticed a two-headed ogre
  5714 | D:7      | Killed a two-headed ogre
  5714 | D:7      | Reached skill level 1 in Evocations
  5716 | D:7      | Reached skill level 5 in Armour
  5721 | D:7      | Found Dide's Book Shoppe.
  5724 | D:7      | Gained mutation: You have hooves in place of feet. [demonic ancestry]
  5724 | D:7      | Reached XP level 10. HP: 19/85 MP: 10/10
  5916 | D:7      | Reached skill level 5 in Shields
  5936 | D:7      | Found Puoxtyar's Jewellery Emporium.
  5981 | D:7      | Found Biaqiphe's Distillery.
  6019 | D:7      | Reached skill level 10 in Maces & Flails
  6499 | D:8      | Found a deep blue altar of Sif Muna.
  7444 | D:9      | Found an opulent altar of Gozag.
  7745 | D:9      | Noticed Prince Ribbit
  8467 | D:9      | Killed Prince Ribbit
  8479 | D:10     | Entered Level 10 of the Dungeon
  8552 | D:10     | Noticed a two-headed ogre
  8567 | D:10     | Killed a two-headed ogre
  8590 | D:10     | Noticed Psyche
  8596 | D:10     | Killed Psyche
  8596 | D:10     | Reached XP level 11. HP: 71/92 MP: 13/13
  8846 | D:10     | Noticed Snorg
  8870 | D:10     | HP: 2/92 [Snorg (16)]
  8878 | D:10     | Killed Snorg
  8878 | D:10     | Reached skill level 5 in Dodging
  9151 | D:10     | Noticed a two-headed ogre
  9159 | D:10     | Killed a two-headed ogre
  9778 | D:10     | Reached skill level 11 in Maces & Flails
 10188 | D:11     | Found a burning altar of Makhleb.
 10220 | D:11     | Found a frozen archway.
 10381 | IceCv    | Entered an ice cave
 10944 | IceCv    | Gained mutation: You are significantly more attuned to the shadows. [demonic ancestry]
 10944 | IceCv    | Reached XP level 12. HP: 74/100 MP: 15/15
 11272 | IceCv    | Noticed a frost giant
 11290 | IceCv    | Reached skill level 5 in Evocations
 11302 | IceCv    | Killed a frost giant
 12121 | D:11     | Found a roughly hewn altar of Beogh.
 12166 | D:11     | Found a staircase to the Orcish Mines.
 12236 | D:11     | Found a staircase to the Lair.
 12267 | D:11     | Noticed a six-headed hydra
 12278 | D:11     | Killed a six-headed hydra
 12278 | D:11     | Reached skill level 12 in Maces & Flails
 12637 | Lair:1   | Entered Level 1 of the Lair of Beasts
 12728 | Lair:1   | Noticed an eight-headed hydra
 12755 | Lair:1   | HP: 2/100 [eight-headed hydra (11)]
 13197 | Lair:1   | Noticed a six-headed hydra
 13207 | Lair:1   | Killed a six-headed hydra
 13238 | Lair:1   | Gained mutation: You are immune to freezing clouds. [demonic ancestry]
 13238 | Lair:1   | Reached XP level 13. HP: 29/106 MP: 17/17
 14697 | Lair:2   | Found a staircase to the Swamp.
 15965 | Lair:3   | Reached skill level 13 in Maces & Flails
 16285 | Lair:3   | Found a hole to the Spider Nest.
 16745 | Lair:4   | Got a distressingly furry scale mail
 16771 | Lair:3   | Identified the +1 scale mail of Siuczi Efeo {rPois rF- Str+2} (You found it on level 4 of the Lair of Beasts)
 17049 | Lair:4   | Found a labyrinth entrance.
 17056 | Lab      | Entered a labyrinth
 18856 | Lab      | Noticed a minotaur
 18890 | Lab      | Killed a minotaur
 18892 | Lab      | Got a bloodstained crystal plate armour
 18894 | Lab      | Got a pair of polished boots
 18902 | Lab      | Identified Puog's Papyrus of Talismans
 19026 | Lab      | Identified the +14 crystal plate armour of Free Will {rF+} (You took it off a minotaur in a labyrinth)
 19709 | Lair:5   | Noticed an entropy weaver
 19711 | Lair:5   | Noticed an entropy weaver
 20056 | Lair:4   | HP: 5/108 [entropy weaver (9)]
 20061 | Lair:4   | HP: 2/108 [entropy weaver (8)]
 20226 | Lair:4   | Killed an entropy weaver
 20370 | Lair:4   | HP: 1/108 [entropy weaver (5)]
 20371 | Lair:4   | Mangled by an entropy weaver

Skill      XL: |  1  2  3  4  5  6  7  8  9 10 11 12 13 |
---------------+----------------------------------------+-----
Maces & Flails | 2 3 4 9 10 11 12 13 | 13.5
Armour         | 3 4 5 6 7 8 |  8.7
Dodging        | 1 2 3 4 6 7 |  7.0
Shields        | 3 4 5 6 7 8 |  8.4
Fighting       | 4 9 10 11 12 | 12.3
Evocations     | 1 2 4 5 |  5.6

Action                   |  1- 3 |  4- 6 |  7- 9 | 10-12 | 13-15 || total
-------------------------+-------+-------+-------+-------+-------++-------
Melee: Flail             |    84 |   130 |   266 |  1389 |   852 ||  2721
       Kick              |     5 |    31 |    81 |   462 |   296 ||   875
Evoke: Wand              |       |       |       |       |     6 ||     6
       Fan of gales      |       |       |       |       |     1 ||     1
       Phantom mirror    |       |       |       |       |     1 ||     1
  Use: Potion            |     2 |     1 |     2 |    13 |     5 ||    23
       Scroll            |       |       |    22 |     6 |    10 ||    38
 Stab: Invisible         |       |       |       |     2 |       ||     2
       Distracted        |       |       |       |     1 |       ||     1
  Eat: Chunk             |       |     4 |     5 |     6 |     7 ||    22
       Meat ration       |       |     1 |       |     1 |       ||     2
       Royal jelly       |       |     1 |       |     2 |       ||     3
       Fruit             |       |       |       |     3 |     5 ||     8
       Bread ration      |       |       |       |     2 |     3 ||     5
Armor: Scale mail        |    66 |    51 |    11 |       |       ||   128
       Plate armour      |       |       |   122 |   971 |   334 ||  1427
       Crystal plate arm |       |       |       |       |   387 ||   387
Dodge: Dodged            |    36 |    47 |    59 |   421 |   267 ||   830
Block: Shield            |    45 |    58 |   152 |   988 |   724 ||  1967
